 Dungeon Crawl Stone Soup version 0.20-a0-1117-g62da73f (webtiles) character file.

92619 GEC the Carver (level 16, -53/122 HPs)
             Began as a Gnoll Wanderer on May 9, 2017.
             Was the Champion of Fedhas.
             Killed from afar by a fire dragon (72 damage)
             ... with a blast of flame
             ... on level 4 of the Lair of Beasts.
             The game lasted 05:14:21 (43790 turns).

GEC the Carver (Gnoll Wanderer)                    Turns: 43790, Time: 05:14:21

Health: -53/122    AC: 13    Str: 25    XL:     16   Next: 6%
Magic:  25/27      EV: 22    Int: 12    God:    Fedhas [******]
Gold:   1436       SH: 12    Dex: 17    Spells: 10/30 levels left

rFire    x . .     SeeInvis +   v - +3 double sword of World Downfall {slice, rF- Str+6 Dex-2 Stlth+}
rCold    . . .     Gourm    .   I - +0 shield
rNeg     + . .     Faith    +   y - +3 leather armour {rPois}
rPois    +         Spirit   .   j - +2 helmet
rElec    .         Reflect  .   (no cloak)
rCorr    .         Harm     .   B - +0 pair of gloves of the Nexus {MR+}
MR       +....                  i - +1 pair of boots
Stlth    +++++.....             u - amulet of faith
Regen    0.3/turn               b - ring "Waowem" {*Corrode rN+ Str+6 SInv}
MPRegen  0.2/turn               r - +4 ring of evasion

@: no status effects
A: short attention span, fangs 1, strong nose
a: Fungal Bloom, Evolution, Sunlight, Growth, Reproduction, Rain, Renounce
Religion


You were on level 4 of the Lair of Beasts.
You worshipped Fedhas.
Fedhas was exalted by your worship.
You were not hungry.

You visited 4 branches of the dungeon, and saw 24 of its levels.
You also visited: Labyrinth.

You collected 2145 gold pieces.
You spent 709 gold pieces at shops.

Inventory:

Hand Weapons
 v - the +3 double sword of World Downfall (weapon) {slice, rF- Str+6 Dex-2 Stlth+}
   (You acquired it on level 3 of the Lair of Beasts)

   It inflicts extra damage upon your enemies.
   It affects your strength (+6).
   It affects your dexterity (-2).
   It makes you vulnerable to fire.
   It makes you more stealthy.
Missiles
 g - 2 exploding tomahawks
 k - 180 bolts
 M - 3 throwing nets (quivered)
Armour
 i - a +1 pair of boots (worn)
 j - a +2 helmet (worn)
 y - a +3 leather armour of poison resistance (worn)
 B - the +0 pair of gloves of the Nexus (worn) {MR+}
   (You bought it in a shop on level 2 of the Orcish Mines)

   It affects your resistance to hostile enchantments.
 I - a +0 shield (worn)
Jewellery
 b - the ring "Waowem" (left hand) {*Corrode rN+ Str+6 SInv}
   (You found it on level 3 of the Lair of Beasts)

   [ring of positive energy]

   It affects your strength (+6).
   It protects you from negative energy.
   It lets you see invisible.
   It may corrode you when you take damage.
 r - a +4 ring of evasion (right hand)
 u - an amulet of faith (around neck)
Wands
 h - a wand of iceblast (6/15)
 K - a wand of digging (14/24)
 L - a wand of confusion (29/48)
 S - a wand of disintegration (20/24)
 T - a wand of lightning (6/15)
Scrolls
 c - a scroll of fear
 e - 12 scrolls of teleportation
 o - 4 scrolls of immolation
 s - a scroll of enchant armour
 w - a scroll of fog
 D - 2 scrolls of blinking
 E - a scroll of enchant weapon
 N - a scroll of holy word
 R - a scroll of remove curse
Potions
 m - 5 potions of lignification
 n - a potion of cancellation
 p - 4 potions of might
 q - 8 potions of curing
 t - a potion of ambrosia
 x - a potion of heal wounds
 A - a potion of agility
 C - 3 potions of flight
 J - 3 potions of brilliance
 U - a potion of invisibility
 X - a potion of berserk rage
 Y - a potion of degeneration {unknown}
Miscellaneous
 a - a phial of floods
Comestibles
 d - 2 bread rations
 f - 2 fruits
 z - 15 meat rations
 P - 16 royal jellies


   Skills:
 + Level 9.8 Fighting
 + Level 11.7 Long Blades
 + Level 1.4 Throwing
 + Level 7.3 Armour
 + Level 10.7 Dodging
 + Level 8.1 Stealth
 + Level 8.5 Shields
 + Level 9.0 Unarmed Combat
 * Level 7.6 Spellcasting
 * Level 0.9 Conjurations
 * Level 7.6 Hexes
 * Level 7.8 Summonings
 * Level 5.9 Translocations
 * Level 6.0 Ice Magic
 * Level 7.1 Air Magic
 * Level 7.1 Earth Magic
 + Level 10.2 Invocations
 + Level 2.2 Evocations


You had 10 spell levels left.
You knew the following spells:

 Your Spells              Type           Power        Failure   Level  Hunger
a - Corona                Hex            ###....      1%          1    None
b - Leda's Liquefaction   Hex/Erth       ###.......   19%         4    ####...
c - Silence               Hex/Air        ###.......   45%         5    ######.
d - Blink                 Tloc           N/A          4%          2    #......
e - Summon Ice Beast      Ice/Summ       ###.....     22%         4    ####...
f - Force Lance           Conj/Tloc      ##......     67%         4    ####...


Dungeon Overview and Level Annotations

Branches:
Dungeon (15/15) Temple (0/1) D:7 Lair (6/6) D:8 Shoals (1/4) Lair:4 Snake (0/4) Lair:4 Slime (0/5) Lair:5 Orc (2/2) D:11 Elf (0/3) Orc:2 Vaults (0/5) D:13 D:14 Depths: D:15

Altars:
Cheibriados
Elyvilon
Fedhas
Gozag
Kikubaaqudgha
Makhleb
Nemelex Xobeh
Okawaru
Qazlal
Ru
Trog
Uskayaw
Wu Jian
Xom
The Shining One
Jiyva

Shops:
Orc:2 *![:

Portals:
Pandemonium: Orc:2
Trove: D:10 (give 14 scrolls of teleportation)


Innate Abilities, Weirdness & Mutations

You have a short attention span.
You have very sharp teeth.
Your uncanny sense of smell can sniff out nearby items.


Message History

You swap places.
The fire dragon breathes flames at you. The blast of flame hits you!
The fire burns you terribly!
* * * LOW HITPOINT WARNING * * *
The blast of flame hits your wandering mushroom.
You block the snapping turtle's attack.
You hear an angry hiss.
There is a staircase back to the Lair here.
The fire dragon completely misses you. You block the fire dragon's attack. x2
The snapping turtle barely misses you.
You climb upwards.
Welcome back to the Lair of Beasts!
There is a staircase to the Shoals here.
Casting: Blink
Confirm with . or Enter, or press ? or * to list all spells.
You blink.
The fire dragon breathes flames at you. The blast of flame hits you!
The fire burns you terribly!
Ouch! That really hurt!
You die...
Fedhas appreciates your contribution to the ecosystem.

### ### ##.###
###.######## ##.#..#
###...@..##≈≈# #....##
##....≈≈§.≈≈≈###
......####.#..≈≈≈≈.≈≈≈≈≈#
........#..#.≈≈≈##'##≈≈≈##
............(≈≈##..D##≈≈≈#
..........P.≈≈≈#.....#≈≈##
..........#.≈≈≈#.f>..#≈≈##
...........##≈≈#.....#≈≈≈#
............#..##...##≈≈##


You could see a fire dragon.

Vanquished Creatures
  Gastronok (D:10)
  2 orc warlords
  Snorg (D:11)
  A minotaur (Lab)
  Harold (D:11)
  The ghost of SirFunk the Spear-Bearer, a journeyman MfSk of Okawaru (D:9)
  A hydra (Lair:5)
  Erica (Orc:1)
  3 centaur warriors
  A death yak (Lair:4)
  7 two-headed ogres
  Urug (D:13)
  4 orc high priests (Orc:2)
  3 unseen horrors
  An infernal demonspawn (Orc:2)
  A gelid demonspawn (Orc:2)
  8 orc knights
  A wandering mushroom (D:14)
  A lindwurm (Lair:6)
  4 harpies
  5 orc sorcerers (Orc:2)
  A deep elf mage (D:14)
  2 cyclopes
  2 black mambas
  An elephant (shapeshifter) (D:13)
  7 elephants
  An orange demon (Orc:2)
  7 spiny frogs
  3 gargoyles
  3 kobold demonologists
  A rime drake (Lair:6)
  5 komodo dragons
  A hellwing (Orc:2)
  A red devil (Orc:2)
  A merfolk (Shoals:1)
  A queen bee (Lair:2)
  4 polar bears
  3 meliai (D:10)
  5 trolls
  15 blink frogs
  6 hippogriffs
  11 slime creatures
  A meliai zombie (D:13)
  A shadow (D:13)
  3 wyverns
  2 redbacks (Lab)
  2 wraiths
  39 yaks
  2 basilisks
  13 humans
  4 hungry ghosts (Lab)
  Grum (D:11)
  5 wargs
  2 hell hounds (D:8)
  3 nagas (Lair:4)
  An insubstantial wisp (D:10)
  A soldier ant (D:11)
  An acid dragon (D:14)
  16 water moccasins
  7 ice beasts
  6 porcupines
  A hornet zombie (D:7)
  3 phantoms
  39 orc warriors
  6 sky beasts
  A black bear (D:9)
  An eye of draining (D:14)
  27 wolves
  7 ogres
  12 crocodiles
  9 centaurs
  6 big kobolds
  2 wyvern zombies
  18 bullfrogs
  A wyvern skeleton (D:9)
  7 scorpions
  A water moccasin skeleton (D:8)
  5 wights (D:9)
  32 killer bees
  2 electric eels
  9 howler monkeys
  8 crimson imps
  2 centaur zombies
  A quasit (D:5)
  7 jellies
  9 hounds
  A gnoll shaman (D:10)
  32 orc priests
  19 orc wizards
  A bullfrog skeleton (D:6)
  5 centaur skeletons
  A hell rat (Lair:3)
  6 iguanas
  4 worker ants
  2 killer bee zombies (D:6)
  A hound zombie (D:5)
  A killer bee simulacrum (D:9)
  A howler monkey zombie (D:5)
  13 gnolls
  17 adders
  4 shadow imps
  2 white imps (D:9)
  A howler monkey simulacrum (D:9)
  2 ufetubi (D:9)
  2 oozes
  2 adder zombies (D:8)
  4 worms
  An adder simulacrum (D:9)
  4 dart slugs
  6 leopard geckos
  84 orcs
  2 ball pythons
  10 giant cockroaches
  10 goblins
  5 hobgoblins
  15 jackals
  5 quokkas
  15 bats
  6 frilled lizards
  A jackal zombie (D:5)
  29 kobolds
  2 leopard gecko skeletons
  4 rats
  A ballistomycete spore (Orc:2)
  2 toadstools (D:11)
779 creatures vanquished.

Vanquished Creatures (collateral kills)
  6 hydras
  A catoblepas (Lair:6)
  2 two-headed ogres (D:13)
  A centaur warrior (D:13)
  A deep troll shaman (Lair:6)
  An ogre mage (D:13)
  2 anacondas (Lair:5)
  5 death yaks
  A soul eater (Orc:2)
  Nergalle (D:11)
  A lindwurm (Lair:6)
  An ugly thing (D:12)
  3 black mambas (Lair:5)
  13 elephants
  An orange demon (Orc:2)
  3 gargoyles
  2 rime drakes
  A centaur skeleton (D:13)
  2 komodo dragons
  2 polar bears
  5 blink frogs
  2 hippogriffs (Lair:6)
  3 slime creatures (D:13)
  A snapping turtle (Lair:4)
  A basilisk (shapeshifter) (D:14)
  3 humans (D:13)
  2 wyverns
  2 yaks
  A steam dragon (D:10)
  Menkaure (D:7)
  An insubstantial wisp (D:10)
  5 water moccasins
  A porcupine (Lair:5)
  An ice beast (D:13)
  A black bear (Lair:6)
  8 orc warriors
  A phantom (D:10)
  6 wolves
  2 ogres
  4 centaurs (D:13)
  2 crocodiles (Lair:2)
  A bullfrog (Lair:3)
  A wight (D:9)
  A howler monkey (D:7)
  2 orc priests (Orc:2)
  4 hell rats (Lair:3)
  12 orcs
  A ballistomycete spore (Orc:2)
  A hyperactive ballistomycete (Orc:2)
126 creatures vanquished.

Vanquished Creatures (others)
  14 wandering mushrooms
  2 orc high priests (Orc:2)
  An infernal demonspawn (Orc:2)
  An orc sorcerer (Orc:2)
  A ynoxinul (Orc:2)
  3 orc warriors (Orc:2)
  3 orc wizards
  2 orc priests (Orc:2)
  2 orcs (Orc:2)
  50 ballistomycetes (Orc:2)
  20 ballistomycete spores (Orc:2)
  A bush (Lair:2)
  6 fungi
  2 hyperactive ballistomycetes (Orc:2)
  11 plants
  506 toadstools
625 creatures vanquished.

Grand Total: 1530 creatures vanquished

Notes
Turn   | Place    | Note
-------+----------+-------------------------------------------
     0 | D:1      | GEC the Gnoll Wanderer began the quest for the Orb.
     0 | D:1      | GEC set off with: a phial of floods, a +0 falchion, a +0 robe, a bread ration
     0 | D:1      | Reached XP level 1. HP: 18/18 MP: 3/3
   249 | D:1      | Reached XP level 2. HP: 24/25 MP: 5/5
   334 | D:1      | Reached skill level 2 in Long Blades
   936 | D:1      | Reached XP level 3. HP: 29/32 MP: 6/6
  1045 | D:1      | Reached skill level 5 in Fighting
  1386 | D:2      | Reached skill level 1 in Dodging
  1537 | D:2      | Reached skill level 3 in Long Blades
  1716 | D:2      | Reached XP level 4. HP: 36/39 MP: 7/7
  2241 | D:3      | Reached skill level 1 in Armour
  2412 | D:3      | Reached skill level 4 in Long Blades
  2412 | D:3      | Reached XP level 5. HP: 26/44 MP: 8/8
  2914 | D:3      | Reached skill level 5 in Long Blades
  3239 | D:3      | Found a faded altar of an unknown god.
  3239 | D:3      | Found a sparkling altar of Nemelex Xobeh.
  3246 | D:3      | Found an opulent altar of Gozag.
  3248 | D:3      | Found a faded altar of an unknown god.
  3249 | D:3      | Found a bloodstained altar of Trog.
  3253 | D:3      | Became a worshipper of Fedhas Madash
  3253 | D:3      | Reached * piety under Fedhas
  3647 | D:4      | Reached XP level 6. HP: 51/51 MP: 9/9
  3672 | D:4      | Found an ornate altar of the Wu Jian Council.
  3814 | D:4      | Reached skill level 1 in Invocations
  4264 | D:4      | Found an ancient bone altar of Kikubaaqudgha.
  4373 | D:4      | Reached skill level 6 in Long Blades
  4384 | D:4      | Reached XP level 7. HP: 43/57 MP: 10/10
  4753 | D:5      | Entered Level 5 of the Dungeon
  4797 | D:5      | Found a hide-covered altar of Uskayaw.
  4830 | D:5      | Reached skill level 5 in Dodging
  5376 | D:5      | Found an iron altar of Okawaru.
  5563 | D:5      | Reached XP level 8. HP: 30/64 MP: 11/11
  5845 | D:5      | Noticed a wraith
  5847 | D:5      | Found a glowing golden altar of the Shining One.
  5861 | D:5      | Killed a wraith
  5861 | D:5      | Reached skill level 7 in Long Blades
  6090 | D:6      | Reached skill level 5 in Invocations
  6230 | D:6      | Found a stormy altar of Qazlal.
  6344 | D:6      | Found a shimmering altar of Xom.
  6375 | D:6      | Reached skill level 8 in Long Blades
  6776 | D:6      | Reached XP level 9. HP: 72/72 MP: 13/13
  6827 | D:6      | Found a snail-covered altar of Cheibriados.
  6954 | D:7      | Found a blossoming altar of Fedhas.
  6954 | D:7      | Found a white marble altar of Elyvilon.
  6954 | D:7      | Found a glowing golden altar of the Shining One.
  6971 | D:7      | Reached skill level 5 in Stealth
  6985 | D:7      | Reached skill level 1 in Unarmed Combat
  7386 | D:7      | Noticed Menkaure
  7395 | D:7      | Killed Menkaure
  7613 | D:7      | Found a flagged portal.
  8122 | D:7      | Found a staircase to the Ecumenical Temple.
  8356 | D:8      | Found a staircase to the Lair.
  8770 | D:8      | Reached skill level 5 in Unarmed Combat
  8808 | D:8      | Reached skill level 9 in Long Blades
  9288 | D:8      | Reached skill level 5 in Armour
  9288 | D:8      | Reached XP level 10. HP: 8/79 MP: 15/15
 10004 | D:9      | Noticed SirFunk's ghost (journeyman MfSk)
 10014 | D:9      | Noticed a two-headed ogre
 10120 | D:9      | Killed a two-headed ogre
 10907 | D:9      | Reached ** piety under Fedhas
 11350 | D:8      | Noticed a two-headed ogre
 11364 | D:8      | HP: 1/80 [two-headed ogre/giant spiked club (16)]
 11370 | D:8      | HP: 2/80 [two-headed ogre/giant spiked club (7)]
 11372 | D:8      | Killed a two-headed ogre
 12384 | D:10     | Entered Level 10 of the Dungeon
 12529 | D:9      | Reached XP level 11. HP: 37/86 MP: 17/17
 12863 | D:10     | Found a portal to a secret trove of treasure.
 12865 | D:10     | Noticed a two-headed ogre
 12887 | D:9      | Reached skill level 10 in Long Blades
 14145 | D:10     | Noticed Gastronok
 14800 | D:10     | Killed a two-headed ogre
 15174 | D:10     | Killed Gastronok
 15683 | D:10     | Noticed an unseen horror
 15734 | D:10     | Killed an unseen horror
 16352 | D:10     | Reached XP level 12. HP: 69/94 MP: 18/18
 16584 | D:11     | Noticed Harold
 16607 | D:11     | Killed Harold
 17058 | D:11     | Noticed Grum
 17060 | D:11     | Noticed a two-headed ogre
 17073 | D:11     | Killed a two-headed ogre
 17080 | D:11     | Killed Grum
 17114 | D:11     | Noticed a two-headed ogre
 17129 | D:11     | Killed a two-headed ogre
 17134 | D:11     | Reached *** piety under Fedhas
 17207 | D:11     | Reached skill level 1 in Shields
 18185 | D:11     | Found a staircase to the Orcish Mines.
 18405 | D:11     | Noticed Nergalle
 18437 | D:11     | Killed Nergalle
 19259 | D:12     | Reached skill level 10 in Dodging
 20274 | D:13     | Found a gate to the Vaults.
 20274 | D:13     | Noticed an ogre mage
 20274 | D:13     | Noticed Urug
 20274 | D:13     | Noticed a two-headed ogre
 20274 | D:13     | Noticed a centaur warrior
 20300 | D:14     | Reached skill level 5 in Shields
 20612 | D:13     | Reached XP level 13. HP: 88/101 MP: 20/20
 20808 | D:13     | Reached skill level 11 in Long Blades
 20991 | D:13     | Reached **** piety under Fedhas
 21059 | D:13     | Killed Urug
 21105 | D:13     | HP: 5/101 [centaur warrior (3)]
 21458 | D:13     | Reached skill level 1 in Throwing
 22977 | D:14     | Found a sacrificial altar of Ru.
 23262 | Lair:1   | Entered Level 1 of the Lair of Beasts
 24847 | Lair:2   | Reached ***** piety under Fedhas
 24940 | Lair:2   | Learned a level 1 spell: Corona
 25004 | Lair:2   | Reached skill level 10 in Invocations
 25164 | Lair:2   | Reached skill level 1 in Hexes
 25511 | Lair:2   | Reached XP level 14. HP: 93/108 MP: 21/21
 26033 | Lair:2   | Learned a level 4 spell: Leda's Liquefaction
 26621 | Lair:3   | Reached skill level 1 in Earth Magic
 26731 | Lair:3   | Found a labyrinth entrance.
 26740 | Lab      | Entered a labyrinth
 26795 | Lab      | Learned a level 5 spell: Silence
 27138 | Lab      | Reached skill level 5 in Spellcasting
 27152 | Lab      | Identified the Tome of Hurtful Transmigration
 27420 | Lair:2   | Reached skill level 1 in Air Magic
 27812 | Lair:3   | Identified a scroll of acquirement
 27815 | Lair:3   | Got an ebony double sword
 27816 | Lair:3   | Identified the +3 double sword of World Downfall {slice, rF- Str+6 Dex-2 Stlth+} (You acquired it on level 3 of the Lair of Beasts)
 28002 | Lair:3   | Got an ancient pewter ring
 28059 | Lair:3   | Identified the ring "Waowem" {*Corrode rN+ Str+6 SInv} (You found it on level 3 of the Lair of Beasts)
 28615 | Lair:4   | Found a staircase to the Shoals.
 29500 | Lair:4   | Learned a level 2 spell: Blink
 29747 | Lair:4   | Found a staircase to the Snake Pit.
 29765 | Lair:4   | Reached ****** piety under Fedhas
 30301 | Lair:5   | Reached skill level 1 in Translocations
 30447 | Lair:5   | Reached skill level 5 in Hexes
 30649 | Lair:5   | Found a staircase to the Slime Pits.
 30649 | Lair:5   | Found a viscous altar of Jiyva.
 31191 | Lair:6   | Entered Level 6 of the Lair of Beasts
 31229 | Lair:6   | Learned a level 4 spell: Summon Ice Beast
 31598 | Lair:6   | Reached skill level 5 in Earth Magic
 31618 | Lair:6   | Reached skill level 1 in Ice Magic
 31884 | Lair:6   | Reached XP level 15. HP: 100/114 MP: 25/25
 32577 | Lair:6   | Reached skill level 5 in Air Magic
 33538 | D:9      | Killed SirFunk's ghost
 35272 | D:15     | Entered Level 15 of the Dungeon
 35548 | Orc:1    | Entered Level 1 of the Orcish Mines
 35655 | Orc:1    | Noticed Erica
 35664 | Orc:1    | Noticed Snorg
 35969 | D:11     | Killed Snorg
 36540 | Orc:1    | Found a burning altar of Makhleb.
 36571 | Orc:1    | Killed Erica
 36707 | Orc:1    | Noticed an orc warlord
 37456 | D:11     | Killed an orc warlord
 37794 | Orc:2    | Entered Level 2 of the Orcish Mines
 38013 | Orc:2    | Found Velafus's Distillery.
 38014 | Orc:2    | Found Zaboergha's General Store.
 38353 | Orc:2    | Reached skill level 5 in Translocations
 39691 | Orc:2    | Noticed an orc warlord
 39766 | Orc:2    | Killed an orc warlord
 39766 | Orc:2    | Reached skill level 5 in Ice Magic
 40960 | Orc:2    | Found a staircase to the Elven Halls.
 41617 | Orc:2    | Paralysed by an orc sorcerer for 4 turns
 41916 | Orc:2    | Found Ifaukkeb's Book Boutique.
 41916 | Orc:2    | Found a one-way gate leading to the halls of Pandemonium.
 41916 | Orc:2    | Found Fegyed's Antique Armour Shop.
 42302 | Orc:2    | Bought an encrusted buckler for 275 gold pieces
 42302 | Orc:2    | Bought a pair of bloodstained gloves for 275 gold pieces
 42312 | Orc:2    | Identified the +6 buckler of Oxemut {-Tele rC- rN++ Dex+3} (You bought it in a shop on level 2 of the Orcish Mines)
 42322 | Orc:2    | Identified the +0 pair of gloves of the Nexus {MR+} (You bought it in a shop on level 2 of the Orcish Mines)
 42361 | Orc:2    | Bought a potion of heal wounds for 75 gold pieces
 42361 | Orc:2    | Bought a potion of curing for 45 gold pieces
 42363 | Orc:2    | Bought a scroll of teleportation for 39 gold pieces
 43243 | Lair:4   | Reached XP level 16. HP: 122/122 MP: 27/27
 43247 | Shoals:1 | Entered Level 1 of the Shoals
 43679 | Lair:1   | Learned a level 4 spell: Force Lance
 43790 | Lair:4   | Killed from afar by a fire dragon

Vault maps used:
D:1:      sevenhm_arrival_forest_fort_small_4, corexii_corridor_pit
D:3:      chequers_temple_overflow_minitemple, first_bread,
          hangedman_decor_opposing
D:4:      wad_pebble_path, kiku_gazebo_pond_becter, lemuel_crystal_altar,
          minmay_misc_feat_five
D:5:      okawaru_trees_1, hangedman_feature_mirror
D:6:      xom_teletrap_fun, grunt_qazlal_clouds, cheibrodos_worm_habitat
D:7:      gammafunk_temple_overflow_forgotten, temple_hall, enter_bailey_3,
          grunt_ogre_cave, uniq_menkaure
D:8:      minmay_lair_entry_lava, serial_co_window_serial,
          co_window_of_opportunity_a, co_window_paths_b, co_window_paths_a,
          co_window_paths_a, co_window_of_opportunity_a,
          co_window_unsneaky_path_c, co_window_2corner,
          co_window_unsneaky_path_d, co_window_corner_ca, co_window_corner_b,
          co_window_corner_b, co_window_corner_b, co_window_paths_e,
          glass_columns_b, glass_columns_b, glass_columns_b, glass_columns_b
D:9:      serial_ice, serial_ice_b, serial_ice_m, serial_ice_k, serial_ice_o
D:10:     nicolae_trove_entry_free_sample, hangedman_misty_isle, uniq_gastronok
D:11:     orc_0_dummy, evilmike_butchery, uniq_harold, uniq_grum, uniq_nergalle
D:13:     david_vaults_3
D:14:     roderic_lattice_a, nicolae_ru_awakened_eye
D:15:     gammafunk_depths_entry_grave, pf_eden
Lair:2:   serial_bayou_shore_b, grunt_megastairs_1
Lair:3:   lab_entry_generic, serial_bayou_crossing
Lair:4:   minmay_shoals_entry_hut, guppyfry_snake_entry_island
Lair:5:   beast_lair_carwin_large_1, slime_altar_1, serial_forest,
          infiniplex_forest_lined_room_2, infiniplex_forest_lined_room_2,
          infiniplex_forest_split, infiniplex_forest_clump_small,
          infiniplex_forest_straight_2, infiniplex_forest_clump_diagonal
Lair:6:   grunt_lair_end_beastmaster
Shoals:1: argonaut_golden_fleece, serial_shops, shop
Orc:1:    david_defended_altar_orc, uniq_snorg, uniq_erica
Orc:2:    pf_orc_diabolical
Lab:      labyrinth_mini_lab, nicolae_lab_t_cross, nicolae_lab_do_over,
          lab_statue, labyrinth_skeletal_remains, nicolae_lab_big_swirl

Skill      XL: |  1  2  3  4  5  6  7  8  9 10 11 12 13 14 15 16 |
---------------+-------------------------------------------------+-----
Fighting       | 4 5 6 7 8 9 |  9.8
Spellcasting   | 2 3 6 7 |  7.6
Long Blades    | 2 3 4 5 6 8 9 10 11 | 11.7
Dodging        | 2 3 4 6 7 8 9 10 | 10.7
Stealth        | 2 3 4 5 6 7 8 |  8.1
Armour         | 1 2 3 4 5 6 7 |  7.3
Invocations    | 2 3 6 7 8 9 10 | 10.2
Evocations     | 2 |  2.2
Unarmed Combat | 6 7 8 9 |  9.0
Shields        | 6 7 8 |  8.5
Throwing       | 1 |  1.4
Hexes          | 1 5 7 |  7.6
Earth Magic    | 5 7 |  7.1
Air Magic      | 4 7 |  7.1
Translocations | 3 5 |  5.9
Ice Magic      | 2 5 6 |  6.0
Summonings     | 7 |  7.8
Conjurations   | |  0.9

Action                   |  1- 3 |  4- 6 |  7- 9 | 10-12 | 13-15 | 16-18 || total
-------------------------+-------+-------+-------+-------+-------+-------++-------
Melee: Falchion          |   136 |   188 |   126 |       |       |       ||   450
       Bite              |    18 |    24 |    54 |   151 |   337 |     2 ||   586
       Long sword        |       |       |   298 |   947 |   864 |       ||  2109
       Punch             |       |       |     4 |    37 |       |       ||    41
       Double sword      |       |       |       |       |   987 |    27 ||  1014
Throw: Throwing net      |       |       |       |     3 |     3 |       ||     6
 Cast: Corona            |       |       |       |       |    26 |       ||    26
       Blink             |       |       |       |       |    18 |     1 ||    19
       Summon Ice Beast  |       |       |       |       |     4 |       ||     4
       Silence           |       |       |       |       |     1 |       ||     1
       Leda's Liquefacti |       |       |       |       |     1 |       ||     1
Invok: Fungal Bloom      |       |       |     4 |    33 |   114 |     1 ||   152
       Evolution         |       |       |       |     5 |    30 |       ||    35
       Sunlight          |       |       |       |     7 |     1 |       ||     8
       Growth            |       |       |       |       |     2 |       ||     2
       Reproduction      |       |       |       |       |     1 |       ||     1
Evoke: Phial of floods   |       |       |     2 |       |     1 |       ||     3
       Wand              |       |       |       |     2 |     4 |       ||     6
  Use: Scroll            |     8 |     2 |     9 |     5 |    22 |       ||    46
       Potion            |       |       |     8 |     1 |     4 |       ||    13
 Stab: Sleeping          |     5 |     4 |     7 |     9 |    18 |       ||    43
       Distracted        |       |     1 |       |     1 |    16 |       ||    18
       Confused          |       |       |       |     8 |     9 |       ||    17
       Held in net/web   |       |       |       |     2 |     1 |       ||     3
  Eat: Chunk             |     3 |     8 |    15 |    15 |    56 |       ||    97
       Royal jelly       |       |       |     1 |       |     2 |       ||     3
       Bread ration      |       |       |       |     4 |     5 |       ||     9
       Meat ration       |       |       |       |     1 |       |       ||     1
Armor: Robe              |     6 |       |       |       |       |       ||     6
       Leather armour    |    39 |    40 |    73 |   188 |   271 |    18 ||   629
Dodge: Dodged            |    94 |   122 |   301 |   901 |  1344 |    61 ||  2823
Block: Shield            |       |       |       |   233 |  1010 |    43 ||  1286
       Buckler           |       |       |       |       |    24 |       ||    24
       Rpst.: Falchion   |    29 |    40 |    20 |       |       |       ||    89
       Long sword        |       |       |    70 |   258 |   205 |       ||   533
       Double sword      |       |       |       |       |   156 |    10 ||   166
